 Dungeon Crawl Stone Soup version 0.20.0-15-g7f486f2 (webtiles) character file.

661 JarielCorvus the Thaumaturge (level 7, -6/36 HPs)
             Began as a Deep Elf Wizard on June 22, 2017.
             Was a Follower of Vehumet.
             Mangled by a bullfrog zombie (7 damage)
             ... on level 6 of the Dungeon.
             The game lasted 00:16:51 (5395 turns).

JarielCorvus the Thaumaturge (Deep Elf Wizard)      Turns: 5395, Time: 00:16:52

Health: -6/36      AC:  3    Str:  4    XL:     7   Next: 30%
Magic:  2/21       EV: 12    Int: 25    God:    Vehumet [*.....]
Gold:   371        SH:  4    Dex: 13    Spells: 10/23 levels left

rFire    . . .     SeeInvis .   j - +5 dagger (elec)
rCold    . . .     Gourm    .   h - +0 buckler
rNeg     . . .     Faith    .   a - +1 robe
rPois    .         Spirit   .   n - +0 hat
rElec    .         Reflect  .   (no cloak)
rCorr    .         Harm     .   (no gloves)
MR       .....                  (no boots)
Stlth    ++........             (no amulet)
Regen    0.2/turn               q - ring of flight
MPRegen  0.2/turn               (no ring)

@: no status effects
A: no striking features
a: Renounce Religion, Evoke Flight


You were on level 6 of the Dungeon.
You worshipped Vehumet.
Vehumet was aware of your devotion.
You were not hungry.

You visited 2 branches of the dungeon, and saw 7 of its levels.

You collected 371 gold pieces.

Inventory:

Hand Weapons
 j - a +5 dagger of electrocution (weapon)
Missiles
 s - 48 stones (quivered)
Armour
 a - a +1 robe (worn)
 b - a +0 hat
 h - a +0 buckler (worn)
 n - a +0 hat (worn)
Jewellery
 m - a cursed ring of teleportation
 q - a ring of flight (left hand)
Wands
 x - a wand of polymorph (13/24)
Scrolls
 e - 2 scrolls of blinking
 g - a scroll of fog
 k - 6 scrolls of remove curse
 o - 2 scrolls of magic mapping
 p - 7 scrolls of teleportation
 t - 3 scrolls of identify
 u - a scroll of noise
Potions
 i - a potion of brilliance
 r - a potion of cancellation
 v - 2 potions of agility
 z - a potion of curing {unknown}
 A - a potion of berserk rage {unknown}
 B - a potion of heal wounds
Books
 c - a book of Minor Magic

   Spells                             Type                      Level
   a - Magic Dart                     Conjuration                  1
   b - Blink                          Translocation                2
   c - Call Imp                       Summoning                    2
   d - Slow                           Hexes                        2
   e - Conjure Flame                  Conjuration/Fire             3
   f - Mephitic Cloud                 Conjuration/Poison/Air       3
 w - a book of Air

   Spells                             Type                      Level
   a - Shock                          Conjuration/Air              1
   b - Swiftness                      Charms/Air                   2
   c - Static Discharge               Conjuration/Air              3
   d - Airstrike                      Air                          4
   e - Lightning Bolt                 Conjuration/Air              5
Comestibles
 d - 2 bread rations
 f - a royal jelly
 l - 2 meat rations


   Skills:
 - Level 2.4 Dodging
 - Level 2.4 Stealth
 * Level 3.2 Shields
 * Level 8.7 Spellcasting
 + Level 4.1 Conjurations
 - Level 1.1 Summonings
 - Level 1.1 Translocations


You had 10 spell levels left.
You knew the following spells:

 Your Spells              Type           Power        Failure   Level  Hunger
a - Magic Dart            Conj           ####         1%          1    None
b - Blink                 Tloc           N/A          6%          2    None
c - Call Imp              Summ           ###.....     6%          2    None
d - Conjure Flame         Conj/Fire      ###.....     9%          3    None
e - Mephitic Cloud        Conj/Pois/Air  ###.....     11%         3    None
f - Sandblast             Erth           ##....       6%          1    None
g - Shock                 Conj/Air       ###.         2%          1    None


Dungeon Overview and Level Annotations

Branches:
Dungeon (6/15)             Temple (1/1) D:5

Altars:
Ashenzari
Cheibriados
Dithmenos
Elyvilon
Fedhas
Gozag
Hepliaklqana
Kikubaaqudgha
Makhleb
Nemelex Xobeh
Okawaru
Qazlal
Ru
Sif Muna
Trog
Uskayaw
Vehumet
Xom
Yredelemnul
Zin
The Shining One


Message History

The bullfrog zombie is almost destroyed.
The bullfrog zombie misses you. The bullfrog zombie barely misses you.
You closely miss the bullfrog zombie.
The bullfrog zombie is almost destroyed.
The bullfrog zombie hits you but does no damage.
The orc warrior hits you from afar with a halberd!!
Ouch! That really hurt!
* * * LOW HITPOINT WARNING * * *
The bullfrog zombie barely misses you.
You see here a tomahawk.
The bullfrog zombie hits you but does no damage.
There is a stone staircase leading down here.
Things that are here:
a leather armour; a hand axe; an orc skeleton The bullfrog zombie hits you.
* * * LOW HITPOINT WARNING * * *
Things that are here:
an enchanted trident; a leather armour The bullfrog zombie hits you!
You die...

#....(..## #$
#........##
#..###....#### #...##
#>....... ...#
#[....... .......#
#........ §.≈...#
##........
⌠§.§#######o[.......
§.§....@Z).#...####
.#..####...###..#
#..#......# #..#
#.........## #..#
##..........# ...
##...........# ..
§###..........#.##
..............##..##
..............##......


You could see an orc warrior and a bullfrog zombie.

Vanquished Creatures
  A phantom (D:4)
  A howler monkey (D:4)
  2 hounds
  Terence (D:2)
  2 bullfrog skeletons
  5 orc wizards
  12 adders
  A shadow imp (D:5)
  An ooze (D:2)
  An adder skeleton (D:4)
  2 worms
  2 dart slugs
  3 leopard geckos
  22 orcs
  9 bats
  5 giant cockroaches
  13 goblins
  4 hobgoblins
  11 jackals
  2 quokkas
  5 ball pythons
  8 frilled lizards
  5 kobolds
  A leopard gecko zombie (D:5)
  6 rats
125 creatures vanquished.

Notes
Turn   | Place    | Note
-------+----------+-------------------------------------------
     0 | D:1      | JarielCorvus the Deep Elf Wizard began the quest for the Orb.
     0 | D:1      | Reached XP level 1. HP: 10/10 MP: 7/7
   170 | D:1      | Reached skill level 5 in Spellcasting
   170 | D:1      | Reached XP level 2. HP: 13/15 MP: 0/10
   497 | D:1      | Found a shimmering altar of Xom.
   693 | D:1      | Reached XP level 3. HP: 19/19 MP: 9/12
   879 | D:1      | Learned a level 2 spell: Blink
   882 | D:1      | Learned a level 2 spell: Call Imp
   886 | D:1      | Learned a level 3 spell: Conjure Flame
   890 | D:1      | Learned a level 3 spell: Mephitic Cloud
   991 | D:2      | Reached skill level 6 in Spellcasting
  1296 | D:2      | Reached XP level 4. HP: 24/24 MP: 2/14
  1772 | D:2      | Noticed Terence
  1786 | D:2      | Killed Terence
  1786 | D:2      | Reached skill level 1 in Shields
  1947 | D:2      | Reached XP level 5. HP: 28/28 MP: 13/16
  2081 | D:2      | Found a bloodstained altar of Trog.
  2081 | D:2      | Found a faded altar of an unknown god.
  2086 | D:2      | Found a faded altar of an unknown god.
  2088 | D:2      | Found a radiant altar of Vehumet.
  2089 | D:2      | Found a sacrificial altar of Ru.
  2095 | D:2      | Became a worshipper of Vehumet
  2125 | D:3      | Found a shattered altar of Ashenzari.
  2288 | D:3      | Reached skill level 7 in Spellcasting
  2692 | D:3      | Found an opulent altar of Gozag.
  2948 | D:4      | Reached * piety under Vehumet
  2948 | D:4      | Offered knowledge of Sandblast by Vehumet.
  2966 | D:4      | Noticed a phantom
  2978 | D:4      | Killed a phantom
  2978 | D:4      | Reached XP level 6. HP: 32/32 MP: 3/18
  3109 | D:4      | Learned a level 1 spell: Sandblast
  3371 | D:4      | Reached skill level 8 in Spellcasting
  3761 | D:5      | Entered Level 5 of the Dungeon
  3878 | D:5      | Found a white marble altar of Elyvilon.
  4108 | D:5      | Learned a level 1 spell: Shock
  4119 | D:5      | Reached XP level 7. HP: 32/36 MP: 15/20
  4598 | D:5      | Found a staircase to the Ecumenical Temple.
  4609 | Temple   | Entered the Ecumenical Temple
  5391 | D:6      | HP: 1/36 [bullfrog zombie (4)]
  5395 | D:6      | Mangled by a bullfrog zombie

Skill      XL: |  1  2  3  4  5  6  7 |
---------------+----------------------+-----
Spellcasting   | 5 6 7 8 |  8.7
Conjurations   | 2 3 4 |  4.1
Shields        | 1 2 3 |  3.2
Dodging        | |  2.4
Stealth        | |  2.4
Summonings     | |  1.1
Translocations | |  1.1

Action                   |  1- 3 |  4- 6 |  7- 9 || total
-------------------------+-------+-------+-------++-------
Melee: Dagger            |     6 |    22 |     6 ||    34
 Cast: Magic Dart        |    86 |   186 |    77 ||   349
       Mephitic Cloud    |       |     1 |     2 ||     3
       Sandblast         |       |     3 |       ||     3
       Conjure Flame     |       |       |     1 ||     1
  Use: Scroll            |     6 |     6 |     1 ||    13
       Potion            |       |     4 |       ||     4
  Eat: Chunk             |       |     9 |     1 ||    10
       Meat ration       |       |       |     1 ||     1
Armor: Robe              |     1 |    10 |     3 ||    14
Dodge: Dodged            |     8 |    34 |    32 ||    74
Block: Buckler           |       |    17 |     7 ||    24
